 Dungeon Crawl Stone Soup version 0.24-a0-640-ge7cd8ce (console) character file.

Game seed: 10173718768662770346, levelgen mode: deterministic

1185 vegansnacktivist the Magician (level 8, 0/44 (46) HPs)
             Began as an Octopode Earth Elementalist on Sept 24, 2019.
             Slain by a bullfrog (7 damage)
             ... on level 6 of the Dungeon.
             The game lasted 00:10:00 (5578 turns).

vegansnacktivist the Magician (OpEE)                Turns: 5578, Time: 00:10:01

HP:   0/44 (46)     AC:  1    Str:  7    XL:     8   Next: 42%
MP:   10/18         EV: 13    Int: 19    God:
Gold: 108           SH:  0    Dex: 13    Spells: 6/21 levels left

rFire    . . .     SeeInvis .   q - +4 dagger (speed)
rCold    . . .     Gourm    .   (no shield)
rNeg     + . .     Faith    .   (helmet restricted)
rPois    .         Spirit   .   (no amulet)
rElec    .         Reflect  .   a - ring of positive energy
rCorr    .         Harm     .   (no ring)
MR       .....                  (no ring)
Stlth    ++++......             (no ring)
HPRegen  0.00/turn              (no ring)
MPRegen  0.16/turn              (no ring)
                                (no ring)
                                (no ring)

@: non-regenerating, badly diseased
A: almost no armour, stealthy swim, amphibious, 8 rings, constrict 8, camouflage
1, gelatinous body 1
a: no special abilities


You were on level 6 of the Dungeon.
You were hungry.

You visited 1 branch of the dungeon, and saw 6 of its levels.

You collected 294 gold pieces.
You spent 186 gold pieces at shops.

Inventory:

Hand Weapons
 k - a +0 dagger of holy wrath
 q - a +4 dagger of speed (weapon)
Missiles
 b - 120 stones (quivered)
 m - 23 poisoned darts
Jewellery
 a - a ring of positive energy (left tentacle)
 w - an uncursed ring of fire
Wands
 j - a wand of flame (19)
 s - a wand of digging (6)
Scrolls
 d - a scroll of noise {unknown}
 f - 3 scrolls of immolation
 g - 3 scrolls of magic mapping
 i - a scroll of enchant armour {unknown}
 p - 4 scrolls of teleportation
 t - a scroll of fear
 u - a scroll of remove curse {unknown}
 x - 5 scrolls of identify
Potions
 e - 3 potions of heal wounds
 h - 2 potions of curing
 l - a potion of agility
 n - 2 potions of magic
 o - 2 potions of resistance
 r - a potion of brilliance
 v - a potion of ambrosia {unknown}
 z - 2 potions of flight {unknown}
Comestibles
 c - 4 rations


   Skills:
 - Level 2.0 Dodging
 + Level 5.0 Stealth
 - Level 7.2 Spellcasting
 - Level 1.0 Transmutations
 - Level 6.2 Earth Magic


You had 6 spell levels left.
You knew the following spells:

 Your Spells              Type           Power        Failure   Level  Hunger
a - Sandblast             Erth           ####..       1%          1    None
b - Passwall              Tmut/Erth      ###.....     3%          2    None
c - Stone Arrow           Conj/Erth      ###...       9%          3    #......
d - Petrify               Tmut/Erth      ###.....     22%         4    ###....
e - Lee's Rapid Deconstr  Erth           ####......   22%         5    #####..

Your spell library contained the following spells:

 Spells                   Type           Power        Failure   Level  Hunger


Dungeon Overview and Level Annotations

Branches:
Dungeon (6/15)
 Temple: D:4-7

Altars:
Cheibriados
Kikubaaqudgha
Ru
Trog
Uskayaw

Shops:
D:4 ?   D:5 %

Annotations:
D:4 Dowan, Duvessa
D:5 exclusions: door and 2 killer bees


Innate Abilities, Weirdness & Mutations

You cannot wear most types of armour.
You are very stealthy in the water. (Stealth+)
You are amphibious.
You can wear up to eight rings at the same time.
You can use your tentacles to constrict eight enemies at once.
Your skin changes colour to match your surroundings (Stealth+).
Your rubbery body absorbs attacks. (AC +1, EV +1)


Message History

Confirm with . or Enter, or press ? or * to list all spells.
Aiming: Stone Arrow (safe; 9% risk of failure)
Press: ? - help, Shift-Dir - straight line, f/p - necrophage
Aim: a necrophage (almost destroyed, constricted by you)
The stone arrow hits the necrophage.
You destroy the necrophage!
Your Stealth skill gained 2 levels and is now at level 5!
The bullfrog hits you.
The bullfrog hits you but does no damage.
The bullfrog barely misses you.
The bullfrog hits you but does no damage.
The bullfrog barely misses you. x2
The bullfrog barely misses you. The bullfrog barely misses you.
The bullfrog hits you.
There is an open door here.
The bullfrog hits you!
* * * LOW HITPOINT WARNING * * *
The bullfrog hits you!
You die...

#........#
#......<.#
#........#
#........#
#..s.....#
###F######
#S# #F#
#######
#@#
......#
#.#
......#
#.#
..[...#
#.#
......#
#.#
......# ..
#)#
......# ..
#.#
......# #.
#.#
#######
#.###.#


You could see 2 bullfrogs, a scorpion and an adder.

Vanquished Creatures
  Sigmund (D:4)
  Menkaure (D:4)
  An ice beast (D:5)
  A necrophage (D:6)
  3 ogres (D:5)
  A centaur (D:6)
  Blork the orc (D:4)
  A scorpion (D:5)
  A crimson imp (D:2)
  Ijyb (D:4)
  2 iguanas
  Robin (D:4)
  4 gnolls (D:4)
  2 adders (D:2)
  An ooze (D:6)
  An adder skeleton (D:5)
  2 worms
  5 dart slugs
  A leopard gecko (D:2)
  5 orcs (D:5)
  2 ball pythons (D:2)
  5 giant cockroaches
  11 goblins
  9 hobgoblins
  10 jackals (D:2)
  3 quokkas
  A ball python zombie (D:5)
  4 bats
  7 frilled lizards
  A jackal skeleton (D:6)
  11 kobolds
  6 rats
106 creatures vanquished.

Notes
Turn   | Place    | Note
-------+----------+-------------------------------------------
     0 | D:1      | vegansnacktivist the Octopode Earth Elementalist began the
                  | quest for the Orb.
     0 | D:1      | Reached XP level 1. HP: 11/11 MP: 3/3
   157 | D:1      | Reached XP level 2. HP: 11/17 MP: 3/5
   722 | D:2      | Reached XP level 3. HP: 21/21 MP: 4/6
   859 | D:2      | Reached skill level 5 in Earth Magic
   859 | D:2      | Reached XP level 4. HP: 27/27 MP: 0/7
   872 | D:2      | Learned a level 2 spell: Passwall
   876 | D:2      | Learned a level 3 spell: Stone Arrow
  1485 | D:3      | Reached XP level 5. HP: 31/31 MP: 3/8
  1493 | D:3      | Found a sacrificial altar of Ru.
  1834 | D:3      | Found a bloodstained altar of Trog.
  2187 | D:4      | Noticed Duvessa
  2345 | D:4      | Noticed Blork the orc
  2353 | D:4      | Killed Blork the orc
  2353 | D:4      | Reached skill level 3 in Spellcasting
  2413 | D:4      | Found Onakh's Magic Scroll Shoppe.
  2418 | D:4      | Bought a scroll of identify for 24 gold pieces
  2418 | D:4      | Bought a scroll of magic mapping for 42 gold pieces
  2418 | D:4      | Bought a scroll of teleportation for 36 gold pieces
  2418 | D:4      | Bought a scroll of fear for 42 gold pieces
  2418 | D:4      | Bought a scroll of immolation for 42 gold pieces
  2604 | D:4      | Noticed Sigmund
  2620 | D:4      | Learned a level 4 spell: Petrify
  2626 | D:4      | Killed Sigmund
  2626 | D:4      | Reached skill level 4 in Spellcasting
  2626 | D:4      | Reached XP level 6. HP: 30/36 MP: 2/12
  2885 | D:4      | Found a snail-covered altar of Cheibriados.
  2927 | D:4      | Noticed Menkaure
  2942 | D:4      | Killed Menkaure
  2942 | D:4      | Reached skill level 5 in Spellcasting
  2942 | D:4      | Reached XP level 7. HP: 41/41 MP: 1/14
  3041 | D:4      | Noticed Robin
  3053 | D:4      | Killed Robin
  3268 | D:4      | Noticed Ijyb
  3277 | D:4      | Killed Ijyb
  3624 | D:4      | Noticed Dowan
  3879 | D:5      | Entered Level 5 of the Dungeon
  3963 | D:5      | Reached skill level 6 in Spellcasting
  4288 | D:5      | Found an ancient bone altar of Kikubaaqudgha.
  4290 | D:5      | Found a hide-covered altar of Uskayaw.
  4759 | D:5      | Found Zitaosog's Food Boutique.
  4764 | D:5      | Reached XP level 8. HP: 46/46 MP: 15/18
  4957 | D:5      | Reached skill level 7 in Spellcasting
  5129 | D:5      | Learned a level 5 spell: Lee's Rapid Deconstruction
  5569 | D:6      | Reached skill level 5 in Stealth
  5578 | D:6      | Slain by a bullfrog

Levels and vault maps discovered:
D:1:      mrwooster_arrival_statue_3, layout_loops_ring
D:2:      layout_rooms
D:3:      layout_basic, lemuel_coloured_pillars_altar, bloody_trog,
          chequers_serial_rivers_room_a
D:4:      layout_loops_ring, marbit_many_paths, first_ration, serial_shops,
          kennysheep_little_box, uniq_ijyb, uniq_sigmund, uniq_blork_the_orc,
          uniq_robin, uniq_duvessa, uniq_menkaure
D:5:      layout_basic, nicolae_overflow_hidden_temple, serial_shops, shop
D:6:      layout_basic, lemuel_crystal_altar

Skill      XL: |  1  2  3  4  5  6  7  8 |
---------------+-------------------------+-----
Earth Magic    | 4 5 6 |  6.2
Spellcasting   | 4 5 6 7 |  7.2
Stealth        | 5 |  5.0
Dodging        | |  2.0
Transmutations | |  1.0

Action                   |  1- 3 |  4- 6 |  7- 9 || total
-------------------------+-------+-------+-------++-------
Melee: Unarmed           |    14 |     3 |       ||    17
       Constrict         |     5 |     9 |     1 ||    15
       Tentacles         |     2 |     5 |     1 ||     8
       Dagger            |       |    21 |    19 ||    40
 Cast: Sandblast         |    35 |    58 |    37 ||   130
       Stone Arrow       |       |     1 |    17 ||    18
       Petrify           |       |     1 |    10 ||    11
       Lee's Rapid Decon |       |       |     1 ||     1
Evoke: Wand              |       |       |     1 ||     1
  Use: Scroll            |       |     6 |     1 ||     7
 Stab: Sleeping          |       |     3 |     5 ||     8
       Petrified         |       |     6 |     6 ||    12
  Eat: Chunk             |       |     7 |     5 ||    12
       Ration            |       |       |     2 ||     2
Armor: Skin              |     4 |     4 |     3 ||    11
Dodge: Dodged            |    17 |    30 |    28 ||    75

Table legend:
 A = Non-vault XP
 B = Vault XP
 C = Vault XP percentage of total XP
 D = Non-vault monster count
 E = Vault monster count
 F = Vault count percentage of total count
                 A         B        C        D         E       F
            +---------+---------+-------+---------+---------+-------
      Total |    1137 |     556 |  32.8 |      91 |      15 |  14.2
            +---------+---------+-------+---------+---------+-------
        D:1 |      27 |       0 |   0.0 |      16 |       0 |   0.0
        D:2 |     129 |       0 |   0.0 |      35 |       0 |   0.0
        D:3 |      38 |       0 |   0.0 |      17 |       0 |   0.0
        D:4 |      92 |     556 |  85.8 |       6 |      15 |  71.4
        D:5 |     611 |       0 |   0.0 |      13 |       0 |   0.0
        D:6 |     240 |       0 |   0.0 |       4 |       0 |   0.0
            +---------+---------+-------+---------+---------+-------
